Map: Catalyst LE

Players

SRYNDEL - Winner!

  • Race: Protoss Protoss
  • Spawn Location: 11:00

Variance

  • Race: Zerg Zerg
  • League: Diamond
  • Spawn Location: 5:00

VOD

Have the link to the VOD?

Description

Time

  • Played on: Dec. 28, 2017, 3:58 a.m.
  • Length: 11:06
Show
View Real Time Build Order
Export as new Build Order

SRYNDEL Protoss - Winner!

Build Orders: 1 Gate Expand, Oracle Opening, Zealot Archon 

Get SALT Encoding   

  12  0:01  Probe  
  13  0:13  Probe  
  14  0:20  Pylon  
  14  0:25  Probe  
  15  0:38  Probe (Chrono Boost)  
  15  0:41  Gateway  
  16  0:48  Assimilator  
  17  0:50  Probe (Chrono Boost)  
  17  0:56  Probe (Chrono Boost)  
  18  1:05  Probe  
  19  1:17  Probe  
  20  1:25  Nexus  
  20  1:35  Cybernetics Core  
  20  1:38  Probe  
  21  1:44  Assimilator  
  21  1:50  Pylon  
  21  1:52  Probe  
  22  2:05  Probe  
  23  2:09  Adept (Chrono Boost)  
  25  2:17  Probe  
  26  2:26  Stargate  
  26  2:29  Probe  
  27  2:33  Adept  
  29  2:38  Probe  
  29  2:41  Probe  
  30  2:45  Warp Gate  
  30  2:50  Probe  
  31  2:52  Pylon  
  31  2:54  Probe  
  32  3:00  Adept  
  32  3:02  Probe  
  35  3:06  Probe  
  35  3:11  Oracle (Chrono Boost)  
  36  3:15  Probe  
  40  3:21  Probe  
  39  3:27  Probe (Chrono Boost)  
  39  3:33  Gateway  
  40  3:35  Gateway, Probe (Chrono Boost)  
  40  3:39  Probe (Chrono Boost)  
  40  3:40  Pylon  
  42  3:45  Oracle (Chrono Boost), Probe (Chrono Boost)  
  42  3:46  Probe (Chrono Boost)  
  47  3:49  Probe (Chrono Boost)  
  48  3:57  Probe  
  48  3:59  Assimilator  
  48  4:01  Probe, Assimilator  
  50  4:09  Probe  
  51  4:14  Phoenix  
  53  4:22  Probe  
  54  4:26  Probe  
  55  4:33  Pylon  
  55  4:34  Probe  
  55  4:38  Probe  
  57  4:43  Robotics Facility  
  57  4:46  Probe  
  57  4:50  Probe  
  57  4:52  Pylon  
  59  4:54  Twilight Council  
  59  4:59  Probe  
  60  5:00  Nexus  
  60  5:01  Pylon  
  60  5:02  Probe  
  61  5:11  Probe  
  62  5:14  Probe  
  62  5:15  Zealot x3  
  69  5:23  Probe  
  69  5:26  Probe  
  69  5:27  Warp Prism (Chrono Boost)  
  68  5:35  Templar Archives, Gateway, Probe  
  71  5:39  Probe  
  71  5:40  Forge  
  72  5:47  Probe  
  73  5:51  Probe  
  74  5:59  Adept x3, Probe  
  74  6:04  Probe  
  82  6:12  Probe  
  82  6:13  Probe  
  82  6:15  Protoss Ground Weapons Level 1 (Chrono Boost)  
  82  6:16  Probe  
  82  6:17  Assimilator  
  82  6:18  Assimilator  
  85  6:19  Gateway  
  85  6:21  Gateway x2  
  85  6:23  Immortal (Chrono Boost)  
  85  6:25  Probe  
  90  6:33  High Templar x4  
  90  6:36  Probe x2  
  90  6:39  Probe  
  101  6:41  Archon x2  
  101  6:50  Charge (Chrono Boost)  
  101  6:59  Pylon  
  101  7:00  Pylon  
  101  7:17  Immortal (Chrono Boost), Probe x2  
  101  7:19  Pylon x2  
  101  7:21  Pylon  
  104  7:37  Probe x2  
  104  7:38  Probe  
  104  7:39  Zealot x7  
  121  7:47  Robotics Facility  
  121  7:51  Immortal (Chrono Boost), Pylon x2  
  121  7:53  Gateway  
  121  7:54  Gateway  
  125  8:00  Gateway  
  125  8:05  Photon Cannon, High Templar x3  
  129  8:06  Photon Cannon, High Templar  
  129  8:07  High Templar  
  129  8:08  High Templar, Zealot  
  129  8:10  Archon x2  
  129  8:12  Archon  
  139  8:15  Photon Cannon  
  139  8:16  Photon Cannon x2  
  139  8:20  Protoss Ground Weapons Level 2 (Chrono Boost)  
  139  8:23  Immortal (Chrono Boost)  
  143  8:40  High Templar x2  
  147  8:45  Psionic Storm  
  147  8:50  Archon  
  147  8:56  Immortal (Chrono Boost)  
  147  8:57  Immortal (Chrono Boost)  
  147  8:58  Nexus  
  147  9:02  Pylon  
  155  9:05  Pylon  
  155  9:10  Pylon  
  155  9:12  Zealot  
  155  9:17  Pylon  
  157  9:18  Pylon x3  
  157  9:19  Pylon  
  157  9:20  Pylon  
  157  9:22  Pylon  
  157  9:25  Zealot x5  
  157  9:26  Zealot  
  169  9:44  High Templar x4  
  177  9:49  Zealot x6  
  189  9:58  Probe  
  189  9:59  Probe  
  191  10:10  Photon Cannon  
  191  10:11  Photon Cannon  
  191  10:12  Photon Cannon  
  191  10:13  Observer x2  
  171  10:25  Photon Cannon  
  171  10:26  Photon Cannon, Archon x2  
  153  10:28  Zealot x8  
  153  10:34  Observer  
  171  10:43  Observer  
  165  10:52  Zealot x10  
Show
View Real Time Build Order
Export as new Build Order

Variance Zerg 

Build Orders: Hatch First 

Get SALT Encoding   

  12  0:09  Overlord  
  12  0:13  Drone  
  13  0:17  Drone  
  14  0:27  Drone  
  15  0:34  Drone  
  16  0:49  Drone  
  17  0:55  Hatchery  
  16  1:00  Drone  
  17  1:05  Drone  
  17  1:09  Extractor  
  17  1:19  Spawning Pool  
  16  1:27  Drone x2  
  18  1:55  Drone  
  19  2:06  Zergling x4  
  21  2:11  Metabolic Boost  
  21  2:16  Queen  
  21  2:17  Queen  
  25  2:26  Drone x3  
  25  2:28  Overlord  
  27  2:48  Hatchery  
  27  2:50  Drone  
  27  2:51  Drone  
  28  2:52  Drone  
  28  2:57  Drone  
  28  2:58  Drone  
  28  3:26  Queen  
  28  3:28  Drone x2, Overlord  
  28  3:30  Drone  
  28  3:31  Drone x3  
  36  3:47  Overlord x2  
  36  3:50  Drone x4  
  39  4:05  Drone  
  40  4:11  Spore Crawler  
  40  4:16  Spore Crawler  
  33  4:32  Drone x11  
  33  4:34  Extractor  
  33  4:35  Drone  
  44  4:41  Lair  
  44  4:42  Overlord  
  44  4:43  Overlord  
  44  4:49  Spore Crawler  
  43  4:53  Drone x3  
  43  4:55  Drone x2  
  48  5:04  Drone  
  48  5:05  Drone x4  
  53  5:17  Extractor  
  47  5:32  Drone  
  47  5:33  Drone x2  
  47  5:34  Drone x6  
  56  5:44  Extractor  
  56  5:48  Hydralisk Den, Drone  
  56  5:49  Drone x8  
  63  5:53  Drone x3  
  66  6:04  Drone x3  
  66  6:05  Drone x2  
  66  6:09  Overlord  
  70  6:13  Spine Crawler  
  69  6:19  Overlord x2  
  69  6:20  Spore Crawler, Overlord  
  69  6:25  Spore Crawler  
  67  6:31  Drone  
  68  6:34  Drone x2  
  68  6:35  Drone x3  
  68  6:37  Extractor, Overlord  
  68  6:39  Extractor  
  71  6:45  Hydralisk x6  
  83  6:54  Spore Crawler  
  83  6:56  Drone x3, Hatchery  
  83  6:57  Spine Crawler  
  83  7:00  Spine Crawler  
  82  7:08  Drone  
  82  7:09  Drone x6  
  89  7:18  Roach Warren  
  89  7:20  Evolution Chamber  
  89  7:21  Spine Crawler  
  86  7:27  Hydralisk  
  86  7:28  Hydralisk x4  
  96  7:42  Evolution Chamber  
  95  7:44  Drone  
  95  7:50  Drone  
  97  7:53  Overlord x4  
  97  7:55  Zerg Ground Armor Level 1  
  97  7:58  Glial Reconstitution  
  97  8:05  Hatchery  
  96  8:08  Roach x3  
  102  8:13  Drone  
  102  8:14  Drone x4  
  102  8:18  Zerg Missile Weapons Level 1  
  107  8:26  Extractor  
  106  8:27  Spine Crawler  
  106  8:28  Extractor  
  106  8:30  Overseer  
  106  8:31  Spine Crawler  
  103  8:37  Infestation Pit, Drone x2  
  104  8:44  Roach  
  104  8:45  Roach x8  
  122  8:49  Overseer  
  122  8:54  Drone x3  
  122  8:55  Drone  
  126  8:56  Drone x2  
  128  9:04  Zergling x2  
  129  9:11  Overlord x4  
  129  9:14  Hive  
  129  9:19  Roach x5  
  129  9:20  Roach  
  140  9:39  Hydralisk  
  140  9:40  Hydralisk x10  
  162  9:53  Roach x5, Spire  
  171  10:09  Overseer  
  171  10:13  Roach  
  137  10:23  Roach x3  
  137  10:24  Roach x14  
  127  10:33  Roach x5  
  122  10:41  Overseer x2  
Tags
 
Add a new tag
Caveats
  • Supply blocks, unpowered buildings, or Contaminate may cause inaccurate times.
  • Supply counts are checked every 10 seconds.